 Dungeon Crawl Stone Soup version 0.24.0-28-g17ded55e90 (webtiles) character file.

Game seed: 14047690283444339358, levelgen mode: deterministic

4111 Nattfarinn the Transmogrifier (level 10, -5/88 HPs)
             Began as a Merfolk Venom Mage on Nov 13, 2019.
             Was a Follower of Sif Muna.
             Slain by a yak (13 damage)
             ... on level 8 of the Dungeon.
             The game lasted 00:37:17 (11483 turns).

Nattfarinn the Transmogrifier (Merfolk Venom Mage) Turns: 11483, Time: 00:37:18

Health: -5/88      AC:  6    Str:  9    XL:     10   Next: 26%
Magic:  13/16      EV: 17    Int: 17    God:    Sif Muna [*.....]
Gold:   353        SH:  0    Dex: 20    Spells: 2/17 levels left

rFire    x . .     SeeInvis .   (weapon currently unavailable)
rCold    + + +     Gourm    .   (shield currently unavailable)
rNeg     . . .     Faith    +   (armour currently unavailable)
rPois    +         Spirit   .   (helmet currently unavailable)
rElec    .         Reflect  .   (cloak currently unavailable)
rCorr    +         Harm     .   (gloves currently unavailable)
MR       .....                  (boots currently unavailable)
Stlth    ++........             D - amulet of faith
HPRegen  0.24/turn              q - ring "Keabaem" {rPois Dex+5}
MPRegen  0.15/turn              k - ring of resist corrosion

@: about to teleport, ice-form
A: large, (change form in water), (swift swim), (stealthy swim)
a: End Transformation, Channel Magic, Renounce Religion


You were on level 8 of the Dungeon.
You worshipped Sif Muna.
Sif Muna was aware of your devotion.
You were not hungry.
You were a creature of crystalline ice.
You visited 2 branches of the dungeon, and saw 10 of its levels.
You also visited: Sewer.

You collected 353 gold pieces.

Inventory:

Hand Weapons
 a - a +1 dagger of protection
 b - a +2 hunting sling of freezing (melded)
 v - a +0 whip
Missiles
 h - 7 javelins (quivered)
 n - 191 stones
Armour
 g - a +0 robe (melded)
 o - a +0 pair of boots (melded)
 t - a +0 cloak (melded)
 G - a +1 plate armour of cold resistance
Jewellery
 k - a ring of resist corrosion (right front paw)
 q - the ring "Keabaem" (left front paw) {rPois Dex+5}
   (You found it on level 4 of the Dungeon)

   [ring of poison resistance]

   It affects your dexterity (+5).
   It protects you from poison.
 D - an amulet of faith (around neck)
Wands
 l - a wand of flame (19)
 y - a wand of scattershot (5)
Scrolls
 f - 5 scrolls of teleportation
 i - 4 scrolls of magic mapping
 r - 4 scrolls of immolation
 s - 2 scrolls of enchant weapon {unknown}
 u - a scroll of amnesia {unknown}
 A - 2 scrolls of identify
 B - 3 scrolls of fear {unknown}
 E - a scroll of fog {unknown}
 F - 2 scrolls of remove curse
Potions
 d - a potion of might {unknown}
 e - 6 potions of degeneration {unknown}
 j - 5 potions of flight {unknown}
 m - 4 potions of haste {unknown}
 p - 2 potions of invisibility {unknown}
 w - 2 potions of curing
 x - 2 potions of heal wounds {unknown}
 z - a potion of brilliance {unknown}
 C - a potion of agility {unknown}
Comestibles
 c - 13 rations
 H - 2 chunks of flesh


   Skills:
 - Level 5.0 Fighting
 - Level 9.3 Dodging
 - Level 2.1 Stealth
 - Level 4.2 Spellcasting
 - Level 3.4 Conjurations
 * Level 9.4 Transmutations
 + Level 4.5 Ice Magic
 - Level 7.3 Poison Magic


You had 2 spell levels left.
You knew the following spells:

 Your Spells              Type           Power        Failure   Level  Hunger
a - Sting                 Conj/Pois      ###.         1%          1    None
b - Mephitic Cloud        Conj/Pois/Air  ###.....     11%         3    ###....
c - Spider Form           Tmut/Pois      ####......   1%          3    ###....
d - Olgreb's Toxic Radia  Pois           ####....     8%          4    ####...
e - Ice Form              Ice/Tmut       ####....     9%          4    ####...

Your spell library contained the following spells:

 Spells                   Type           Power        Failure   Level  Hunger
 Beastly Appendage        Tmut           #####.       1%          1    None
 Sticks to Snakes         Tmut           #####...     1%          2    ##.....
 Magic Dart               Conj           ###.         3%          1    None
 Poisonous Vapours        Pois/Air       ###...       5%          2    ##.....
 Ensorcelled Hibernation  Hex/Ice        ##....       10%         2    ##.....
 Corona                   Hex            #......      16%         1    None
 Blink                    Tloc           N/A          24%         2    ##.....
 Call Imp                 Summ           #.......     24%         2    ##.....
 Slow                     Hex            #.......     24%         2    ##.....
 Blade Hands              Tmut           #####.....   9%          5    ######.
 Conjure Flame            Conj/Fire      #.......     22%         3    ###....
 Dazzling Spray           Conj/Hex       #.....       22%         3    ###....
 Confuse                  Hex            #.......     43%         3    ###....
 Tukima's Dance           Hex            #.......     43%         3    ###....
 Venom Bolt               Conj/Pois      ###.......   43%         5    ######.


Dungeon Overview and Level Annotations

Branches:
Dungeon (9/15)             Temple (1/1) D:5           Sewer (visited)
   Lair: D:8-11         Orc: D:9-12

Altars:
Ashenzari
Elyvilon
Fedhas
Gozag
Makhleb
Okawaru
Qazlal
Sif Muna
Trog
Uskayaw
Vehumet
Wu Jian
Yredelemnul
Zin
The Shining One

Shops:
D:5 *   D:6 (

Annotations:
D:7 1 transporter, 1 runed translucent door, tape's ghost, novice DsSk


Message History

You feel better. The yak gores you.
* * * LOW HITPOINT WARNING * * *
The yak gores you but does no damage. The yak closely misses you.
As you read the scroll of teleportation, it crumbles to dust.
You feel strangely unstable. The yak barely misses you.
The yak closely misses you. The yak barely misses you.
You hit the yak. You freeze the yak.
The yak is severely wounded.
The yak misses you. The yak gores you but does no damage.
The yak barely misses you.
You barely miss the yak.
The yak is severely wounded.
The yak gores you!
* * * LOW HITPOINT WARNING * * *
The yak completely misses you. The yak gores you.
* * * LOW HITPOINT WARNING * * *
You hit the yak. You freeze the yak.
The yak is almost dead.
The yak gores you!
You die...

#############.###.# ###...#..
#.........# #...#.# #.#...#
#.........# ###.#.#######..#..
#.........#####..............#
#.>................#######..#.
#.........######...# ##...
#.........# ##..#.# ###..
#####.########Y.##.### #....
#.##....YYY###...# #....
#.##.####### ###.#####....
#.##.# #....###### #.##.#
####...# #.##.# ###.####
#)##.# #..... ####.#..# #.....
#......## #..... #......#
##....


You could see 3 yaks.

Vanquished Creatures
  A two-headed ogre (D:8)
  Grinder (Sewer)
  A hippogriff (D:8)
  A spriggan (D:7)
  Duvessa (D:6)
  2 sky beasts (D:5)
  An ice beast (D:6)
  2 black bears
  4 ogres
  3 centaurs
  A big kobold (Sewer)
  4 bullfrogs
  Dowan (D:6)
  4 scorpions
  4 wights
  A howler monkey (D:6)
  4 crimson imps
  2 quasits (Sewer)
  A centaur zombie (D:8)
  3 orc wizards
  An iron imp (D:6)
  3 hounds
  A bullfrog skeleton (D:8)
  2 orc priests
  Crazy Yiuf (D:6)
  3 iguanas
  4 worker ants
  A big kobold zombie (Sewer)
  A howler monkey zombie (D:7)
  A worker ant zombie (D:6)
  8 adders
  6 shadow imps
  3 ufetubi (Sewer)
  3 oozes
  An adder zombie (D:7)
  3 adder skeletons
  A worm (D:2)
  3 leopard geckos
  16 orcs
  2 ball pythons
  9 bats
  A bat zombie (Sewer)
  6 giant cockroaches
  4 goblins
  6 hobgoblins
  3 jackals (D:5)
  A quokka (D:5)
  5 frilled lizards
  20 kobolds
  2 kobold zombies (Sewer)
  2 leopard gecko skeletons (D:5)
  A leopard gecko zombie (D:5)
  A quokka skeleton (D:4)
  3 rats (D:1)
170 creatures vanquished.

Notes
Turn   | Place    | Note
-------+----------+-------------------------------------------
     0 | D:1      | Nattfarinn the Merfolk Venom Mage began the quest for the
                  | Orb.
     0 | D:1      | Reached XP level 1. HP: 13/13 MP: 3/3
   276 | D:1      | Reached skill level 1 in Conjurations
   281 | D:1      | Reached XP level 2. HP: 19/19 MP: 0/5
   908 | D:1      | Reached XP level 3. HP: 9/24 MP: 0/6
  1185 | D:2      | Learned a level 3 spell: Mephitic Cloud
  2310 | D:2      | Reached XP level 4. HP: 30/30 MP: 2/7
  2638 | D:3      | Found an opulent altar of Gozag.
  3760 | D:4      | Noticed an ogre
  3766 | D:4      | Killed an ogre
  3766 | D:4      | Reached skill level 5 in Poison Magic
  3766 | D:4      | Reached XP level 5. HP: 26/35 MP: 3/9
  3776 | D:4      | Got a crude bone ring
  3777 | D:4      | Identified the ring "Keabaem" {rPois Dex+5} (You found it
                  | on level 4 of the Dungeon)
  4001 | D:4      | Found a glowing drain.
  4011 | Sewer    | Entered a sewer
  4153 | Sewer    | Reached XP level 6. HP: 27/41 MP: 10/10
  4262 | Sewer    | Learned a level 3 spell: Spider Form
  4773 | Sewer    | Found a burning altar of Makhleb.
  4976 | Sewer    | Reached XP level 7. HP: 46/46 MP: 4/12
  5044 | Sewer    | Noticed Grinder
  5061 | Sewer    | Paralysed by Grinder for 4 turns
  5084 | Sewer    | Paralysed by Grinder for 5 turns
  5108 | Sewer    | Killed Grinder
  5325 | D:4      | Found a hide-covered altar of Uskayaw.
  5509 | D:4      | Noticed a +0 hand axe
  5509 | D:4      | Noticed a +0 hand axe
  5736 | D:5      | Entered Level 5 of the Dungeon
  5877 | D:5      | Learned a level 4 spell: Olgreb's Toxic Radiance
  5965 | D:5      | Reached skill level 1 in Fighting
  5965 | D:5      | Reached XP level 8. HP: 47/54 MP: 8/14
  6206 | D:5      | Found Ziunobet's Assorted Antiques.
  6610 | D:5      | Found a staircase to the Ecumenical Temple.
  6755 | Temple   | Entered the Ecumenical Temple
  6830 | Temple   | Became a worshipper of Sif Muna the Loreminder
  6888 | D:6      | Reached skill level 5 in Dodging
  7791 | D:6      | Found Diuka's Weapon Shop.
  7847 | D:6      | Found a burning altar of Makhleb.
  7935 | D:6      | Found an iron altar of Okawaru.
  7935 | D:6      | Found a shattered altar of Ashenzari.
  7952 | D:6      | Reached * piety under Sif Muna
  7952 | D:6      | Reached XP level 9. HP: 65/65 MP: 11/15
  8045 | D:6      | Found a runed translucent door.
  8046 | D:6      | Noticed Crazy Yiuf
  8057 | D:6      | Killed Crazy Yiuf
  8105 | D:7      | Noticed Duvessa
  8105 | D:7      | Noticed Dowan
  8280 | D:6      | Killed Duvessa
  8280 | D:6      | Killed Dowan
  8590 | D:7      | Reached skill level 5 in Fighting
  8682 | D:7      | Reached skill level 1 in Transmutations
  9081 | D:7      | Found a transporter.
  9084 | D:7      | Noticed tape's ghost (novice DsSk)
  9089 | D:7      | Noticed a moth of wrath
  9093 | D:7      | Found a basalt altar of Yredelemnul.
  9358 | D:7      | Learned a level 4 spell: Ice Form
  9488 | D:6      | Reached skill level 5 in Transmutations
  9708 | D:7      | Reached skill level 1 in Ice Magic
 10052 | D:7      | Found a runed translucent door.
 10052 | D:7      | Noticed a sixfirhy
 10978 | D:8      | Noticed a two-headed ogre
 11005 | D:8      | Killed a two-headed ogre
 11005 | D:8      | Reached XP level 10. HP: 37/74 MP: 16/16
 11483 | D:8      | Slain by a yak

Levels and vault maps discovered:
D:1:      dpeg_arrival_tiny_a, layout_loops_ring, minivault_26
D:2:      layout_basic
D:3:      layout_basic, grunt_gozag_breadcrumbs
D:4:      layout_basic, dancing_weapons_uskayaw, first_ration,
          portal_sewer_entry_d
D:5:      layout_loops_ring, minmay_temple_entry_statues_pillars, serial_shops,
          shop
D:6:      layout_rooms, makhleb_grotto_becter,
          gammafunk_temple_overflow_elements, serial_shops, shop_fountains,
          uniq_crazy_yiuf_cottage
D:7:      cheibrodos_shockbox, layout_basic, gammafunk_ghost_berserking_beasts,
          basic_altar, the_bakery, minivault_22, uniq_duvessa
D:8:      layout_rooms, hex_large
D:9:      layout_cave_pools, xom_confusion_cloud, overflow_temple_1_default,
          minmay_lair_entry_grove
Temple:   eino_temple_scatter_basement

Skill      XL: |  1  2  3  4  5  6  7  8  9 |
---------------+----------------------------+-----
Conjurations   | 1 2 3 |  3.4
Poison Magic   | 4 5 6 7 |  7.3
Spellcasting   | 3 4 |  4.2
Fighting       | 1 4 5 |  5.0
Dodging        | 3 8 9 |  9.3
Transmutations | 9 |  9.4
Ice Magic      | 4 |  4.5
Stealth        | |  2.1

Action                   |  1- 3 |  4- 6 |  7- 9 | 10-12 || total
-------------------------+-------+-------+-------+-------++-------
Melee: Whip              |    93 |    54 |       |       ||   147
       Unarmed           |     3 |       |   448 |    43 ||   494
       Dagger            |       |       |    62 |       ||    62
 Fire: Hunting sling     |       |   136 |    99 |     4 ||   239
Throw: Javelin           |    32 |     8 |       |       ||    40
 Cast: Sting             |    87 |    67 |    54 |       ||   208
       Spider Form       |       |       |    42 |     1 ||    43
       Ice Form          |       |       |       |     3 ||     3
  Use: Potion            |     1 |     1 |       |     1 ||     3
       Scroll            |       |     2 |     5 |     1 ||     8
 Stab: Sleeping          |     1 |     1 |     4 |       ||     6
  Eat: Chunk             |     3 |     5 |    13 |     2 ||    23
       Ration            |     1 |     1 |     3 |       ||     5
Armor: Robe              |    31 |    32 |    22 |       ||    85
       Skin              |       |       |     8 |     7 ||    15
Dodge: Dodged            |    94 |   102 |   573 |    53 ||   822
